 Dungeon Crawl Stone Soup version 0.14-a0-3563-g07d0f32 (webtiles) character file.

725 Psiweapon the Ruffian (level 6, -9/53 HPs)
             Began as a Draconian Transmuter on Mar 29, 2014.
             Mangled by an ogre
             ... wielding a +0,+0 giant club
              (20 damage)
             ... on Level 5 of the Dungeon.
             The game lasted 00:25:15 (4043 turns).

Psiweapon the Ruffian (Draconian Transmuter)        Turns: 4043, Time: 00:25:15

HP  -9/53        AC  6     Str 14      XL: 6   Next: 94%
MP   9/10        EV 12     Int 14      God:
Gold 227         SH  0     Dex 11      Spells:  1 memorised,  8 levels left

rFire  . . .     SeeInvis .       - Unarmed
rCold  . . .     Clarity  .     (armour unavailable)
rNeg   . . .     Conserve .     (no shield)
rPois  .         rCorr    .     (helmet restricted)
rElec  .         rRot     .     (no cloak)
SustAb . .       Spirit   .     (no gloves)
rMut   .         Warding  .     (no boots)
Saprov . . .     Stasis   .     (no amulet)
MR     .....                    (no ring)
                                (no ring)

@: very slightly contaminated, not resistant to hostile enchantments, unstealthy
A: unfitting armour, AC +6
a: no special abilities


You were on level 5 of the Dungeon.
You were not hungry.

You visited 1 branch of the dungeon, and saw 5 of its levels.

You collected 227 gold pieces.

Inventory:

Hand weapons
 c - a +0,+0 spear
 y - a +0,+0 quarterstaff
Missiles
 b - 12 arrows
 j - 7 curare-tipped needles
 l - 15 poisoned needles
Magical devices
 t - a wand of fireball (5) {unknown}
Comestibles
 a - 6 bread rations
 f - a snozzcumber
 m - 2 meat rations
 q - a pear
 r - 2 apples
 u - 4 chunks of ogre flesh
 w - a beef jerky
 B - a rotting chunk of giant newt flesh
 F - a choko
Scrolls
 e - 4 scrolls of identify {unknown}
 g - a scroll of recharging {unknown}
 h - 2 scrolls of enchant armour {unknown}
 i - 2 scrolls of noise {unknown}
 k - a scroll of fear {unknown}
 o - 4 scrolls of teleportation {unknown}
 s - 4 scrolls of remove curse {unknown}
 v - a scroll of random uselessness {unknown}
 D - a scroll of amnesia {unknown}
 E - a scroll of immolation {unknown}
Potions
 n - 2 potions of curing {unknown}
 p - 2 potions of poison {unknown}
 A - a potion of restore abilities {unknown}
 C - 3 potions of heal wounds {unknown}
Books
 d - a book of Changes

   Spells                             Type                      Level
   *Beastly Appendage                 Transmutation                1
   Sticks to Snakes                   Transmutation                2
   Spider Form                        Transmutation/Poison         3
   Ice Form                           Ice/Transmutation            4
   Blade Hands                        Transmutation                5


   Skills:
 + Level 4.7 Fighting
 - Level 1.7 Dodging
 * Level 6.6 Unarmed Combat
 - Level 2.0 Spellcasting
 - Level 2.0 Transmutations


You had 8 spell levels left.
You knew the following spells:

 Your Spells              Type           Power        Failure   Level  Hunger
a - Beastly Appendage     Trmt           #.....       12%         1    ##.....


Dungeon Overview and Level Annotations

Branches:
Dungeon (5/15)
 Temple: D:4-7

Altars:
Ashenzari
Okawaru


Message History

The ogre is moderately wounded.
You punch the ogre!
You tail-slap the ogre, but do no damage.
The ogre is severely wounded.
The ogre hits you with a giant club!
You closely miss the ogre. Your punch misses the ogre.
The ogre is severely wounded.
You hit the ogre.
The ogre is severely wounded.
The ogre hits you with a giant club!
* * * LOW HITPOINT WARNING * * *
You hit the ogre.
The ogre is severely wounded.
The ogre misses you.
You hit the ogre.
The ogre is severely wounded.
You hit the ogre.
The ogre is almost dead.
The ogre hits you with a giant club!
You die...

.. . .. #. . ..
.. (##. .#..
((.###.#. . #
#(.....##.#
#.#.O.#.....
#..##@#...#.#
#......##.#.#
###.#.....#.###
#.#...###...#
#..##.###...#
#.............
#####...#.###
#...#...##
#........#


You could see an ogre.

Vanquished Creatures
  A phantom (D:4)
  An ogre (D:5)
  An iguana (D:4)
  An orc priest (D:4)
  2 hounds (D:4)
  A worker ant (D:4)
  An orc wizard (D:3)
  5 adders
  A giant mite (D:4)
  2 worms
  An iguana skeleton (D:4)
  11 orcs
  6 giant cockroaches
  9 hobgoblins
  4 jackals (D:1)
  3 quokkas
  2 ball pythons (D:1)
  7 bats
  5 giant geckos
  6 giant newts
  16 goblins
  8 kobolds
  9 rats
103 creatures vanquished.

Notes
Turn   | Place    | Note
--------------------------------------------------------------
     0 | D:1      | Psiweapon, the Draconian Transmuter, began the quest for the Orb.
     0 | D:1      | Reached XP level 1. HP: 16/16 MP: 3/3
   332 | D:1      | Reached XP level 2. HP: 21/24 MP: 2/4
   819 | D:1      | Reached XP level 3. HP: 13/30 MP: 4/6
  1693 | D:2      | Reached skill level 4 in Unarmed Combat
  2045 | D:3      | Reached XP level 4. HP: 7/38 MP: 5/7
  2788 | D:3      | Found a shattered altar of Ashenzari.
  2865 | D:3      | Reached XP level 5. HP: 43/45 MP: 7/9
  3017 | D:4      | Reached skill level 5 in Unarmed Combat
  3158 | D:4      | Found an iron altar of Okawaru.
  3448 | D:4      | Noticed a phantom
  3465 | D:4      | Killed a phantom
  3465 | D:4      | Reached XP level 6. HP: 49/52 MP: 10/10
  3488 | D:4      | Reached skill level 6 in Unarmed Combat
  3983 | D:5      | Entered Level 5 of the Dungeon
  4043 | D:5      | Mangled by an ogre

Action                   |  1- 3 |  4- 6 || total
-------------------------+-------+-------++-------
Melee: Unarmed           |   169 |   183 ||   352
Throw: Tomahawk          |       |    27 ||    27
 Cast: Beastly Appendage |    32 |    21 ||    53
 Stab: Sleeping          |     1 |       ||     1
